 Dungeon Crawl Stone Soup version 0.22-a0-166-g5351223 (webtiles) character file.

249 KristoblXynda the Slasher (level 5, -2/45 HPs)
             Began as a Draconian Fighter on Feb 13, 2018.
             Was an Initiate of Gozag.
             Slain by an iguana (4 damage)
             ... on level 4 of the Dungeon.
             The game lasted 00:03:55 (2509 turns).

KristoblXynda the Slasher (Draconian Fighter)       Turns: 2509, Time: 00:03:56

Health: -2/45      AC:  9    Str: 18    XL:     5   Next: 87%
Magic:  5/5        EV: 11    Int:  9    God:    Gozag
Gold:   417        SH:  9    Dex: 11    Spells: 4/4 levels left

rFire    . . .     SeeInvis .   a - +0 long sword
rCold    . . .     Gourm    .   b - +0 shield
rNeg     . . .     Faith    .   (armour unavailable)
rPois    +         Spirit   .   (helmet restricted)
rElec    .         Reflect  .   (no cloak)
rCorr    .         Harm     .   (no gloves)
MR       .....                  (no boots)
Stlth    +.........             (no amulet)
HPRegen  0.15/turn              h - +4 ring of protection
MPRegen  0.09/turn              s - ring of poison resistance

@: no status effects
A: unfitting armour, cold-blooded, AC +5
a: Potion Petition, Call Merchant, Bribe Branch, Renounce Religion


You were on level 4 of the Dungeon.
You worshipped Gozag.
Gozag was aware of your devotion.
You were not hungry.

You visited 1 branch of the dungeon, and saw 4 of its levels.

You collected 441 gold pieces.
You paid 24 gold pieces to Gozag.

Inventory:

Hand Weapons
 a - a +0 long sword (weapon)
Missiles
 f - 3 javelins of returning (quivered)
 n - 7 javelins
Armour
 b - a +0 shield (worn)
Jewellery
 h - a +4 ring of protection (left hand)
 j - an uncursed ring of flight
 r - an uncursed amulet of the acrobat
 s - a ring of poison resistance (right hand)
Scrolls
 g - 2 scrolls of fear {unknown}
 i - 2 scrolls of teleportation
 m - a scroll of magic mapping {unknown}
 q - a scroll of noise {unknown}
 v - 2 scrolls of remove curse {unknown}
 x - a scroll of fog {unknown}
 y - a scroll of enchant weapon {unknown}
Potions
 c - a potion of might
 e - 4 potions of curing
 k - a potion of degeneration {unknown}
 l - 2 potions of brilliance
 o - a potion of mutation {unknown}
 t - 2 potions of flight
 w - a potion of ambrosia {unknown}
 z - a potion of heal wounds {unknown}
 A - 2 potions of cancellation {unknown}
Books
 u - a book of Minor Magic

   Spells                             Type                      Level
   a - Magic Dart                     Conjuration                  1
   b - Blink                          Translocation                2
   c - Call Imp                       Summoning                    2
   d - Slow                           Hexes                        2
   e - Conjure Flame                  Conjuration/Fire             3
   f - Mephitic Cloud                 Conjuration/Poison/Air       3
Comestibles
 d - 5 rations


   Skills:
 - Level 3.2 Fighting
 * Level 4.6 Long Blades
 + Level 3.7 Dodging
 + Level 4.1 Shields


You had 4 spell levels left.
You didn't know any spells.

Dungeon Overview and Level Annotations

Branches:
Dungeon (4/15)
 Temple: D:4-7

Altars:
Gozag


Innate Abilities, Weirdness & Mutations

Your plain brown scales are hard. (AC +5)
You cannot fit into any form of body armour.
You are cold-blooded and may be slowed by cold attacks.


Message History

You block the iguana's attack.
You hit the iguana.
The iguana is heavily wounded.
You block the iguana's attack.
You barely miss the iguana. You tail-slap the iguana.
The iguana is severely wounded.
You block the iguana's attack.
You hit the iguana. You tail-slap the iguana.
The iguana is almost dead.
The iguana bites you! x2
* * * LOW HITPOINT WARNING * * *
You closely miss the iguana.
The iguana is almost dead.
The iguana bites you!
* * * LOW HITPOINT WARNING * * *
You closely miss the iguana.
The iguana is almost dead.
The iguana bites you.
You die...
Your body crumbles into a pile of gold.

.# ..#+###### ..
#........
#.#......# #
.......# ..
##....##.###
#..<........
#.#.....##.####
................
##...#..@##.##.#
#####..l# # $
......# ####.#?#
#.#.# #.#..
#.#.. #!.


You could see an iguana.

Vanquished Creatures
  An orc priest (D:3)
  2 orc wizards (D:3)
  Terence (D:3)
  Robin (D:3)
  3 adders
  2 oozes (D:2)
  3 dart slugs
  12 orcs (D:3)
  A ball python (D:1)
  5 giant cockroaches
  13 goblins
  11 hobgoblins
  4 jackals (D:3)
  8 kobolds
  4 bats
  4 frilled lizards
  4 rats
79 creatures vanquished.

Notes
Turn   | Place    | Note
-------+----------+-------------------------------------------
     0 | D:1      | KristoblXynda the Draconian Fighter began the quest for the Orb.
     0 | D:1      | Reached XP level 1. HP: 19/19 MP: 1/1
   121 | D:1      | Reached XP level 2. HP: 26/26 MP: 2/2
   733 | D:1      | Reached XP level 3. HP: 31/31 MP: 3/3
   853 | D:2      | Found an opulent altar of Gozag.
   873 | D:2      | Became a worshipper of Gozag Ym Sagoz the Greedy
  1276 | D:2      | Reached XP level 4. HP: 38/38 MP: 4/4
  1574 | D:3      | Noticed Robin
  1600 | D:3      | Killed Robin
  1923 | D:3      | Reached XP level 5. HP: 45/45 MP: 5/5
  2185 | D:3      | Noticed Terence
  2289 | D:3      | Killed Terence
  2508 | D:4      | HP: 2/45 [iguana (7)]
  2509 | D:4      | Slain by an iguana

Vault maps used:
D:1:      matt_arrival_grand_opening, minmay_misc_feat_tower
D:2:      grunt_gozag_breadcrumbs
D:3:      kennysheep_generic_room_2, uniq_terence, uniq_robin
D:4:      minmay_misc_feat_tiny

Skill      XL: |  1  2  3  4  5 |
---------------+----------------+-----
Dodging        | 3 |  3.7
Long Blades    | 3 4 |  4.6
Shields        | 4 |  4.1
Fighting       | |  3.2

Action                   |  1- 3 |  4- 6 || total
-------------------------+-------+-------++-------
Melee: Long sword        |   113 |   161 ||   274
       Tailslap          |    11 |    16 ||    27
  Use: Scroll            |       |     5 ||     5
 Stab: Sleeping          |     1 |       ||     1
       Distracted        |       |     1 ||     1
  Eat: Ration            |       |     2 ||     2
Armor: Skin              |    35 |    58 ||    93
Dodge: Dodged            |    34 |    62 ||    96
Block: Shield            |    68 |    64 ||   132
       Rpst.: Long sword |     7 |    10 ||    17

Table legend:
 A = Spawn XP
 B = Non-spawn XP
 C = Spawn XP percentage of total XP
 D = Spawn monster count
 E = Non-spawn monster count
 F = Spawn count percentage of total count
 G = Total turns spent on level
                    A         B        C        D         E        F      G
               +---------+---------+-------+---------+---------+-------+---------
         Total |       0 |     357 |   0.0 |       0 |      79 |   0.0 |  2509
               +---------+---------+-------+---------+---------+-------+---------
           D:1 |       0 |      42 |   0.0 |       0 |      22 |   0.0 |   791
           D:2 |       0 |      57 |   0.0 |       0 |      14 |   0.0 |   717
           D:3 |       0 |     258 |   0.0 |       0 |      43 |   0.0 |   984
               +---------+---------+-------+---------+---------+-------+---------
